Map: Dusk Towers

Players

EPICI - Winner!

  • Race: Zerg Zerg
  • Spawn Location: 7:00

A.I. 1 (Hard)

  • Race: Zerg Zerg
  • Spawn Location: 1:00

VOD

Have the link to the VOD?

Description

A game I played vs AI a long time ago in the scrubbier days (why did I save this one?)
If you're just starting with SC2, take note of the opener I used, it's pretty reliable and gives you an early attack window

Time

  • Played on: April 30, 2016, 7:04 p.m.
  • Length: 15:24
Show
View Real Time Build Order
Export as new Build Order

EPICI Zerg - Winner!

Build Orders: Pool First 

Get SALT Encoding   

  12  0:01  Drone  
  13  0:07  Drone  
  14  0:17  Overlord  
  14  0:24  Extractor, Drone  
  15  0:35  Drone x2  
  17  0:43  Extractor  
  17  0:44  Drone  
  17  0:54  Spawning Pool  
  17  0:55  Drone  
  17  1:09  Drone  
  18  1:20  Drone  
  19  1:26  Hatchery  
  19  1:30  Drone  
  19  1:39  Overlord  
  19  1:47  Queen  
  19  1:51  Zergling x2  
  22  1:56  Metabolic Boost  
  22  2:03  Drone  
  23  2:10  Spine Crawler  
  23  2:13  Drone  
  23  2:24  Drone, Roach Warren  
  23  2:35  Lair  
  23  2:45  Queen  
  24  2:52  Drone  
  25  3:00  Overlord  
  25  3:08  Roach  
  27  3:27  Drone x2  
  27  3:28  Drone, Zergling x2  
  27  3:29  Roach x2  
  35  3:41  Drone  
  36  3:43  Overlord x2  
  36  3:57  Overlord  
  36  4:00  Queen  
  36  4:01  Drone x2  
  40  4:04  Drone  
  40  4:05  Drone  
  42  4:11  Drone x3  
  45  4:18  Drone x2  
  45  4:19  Zergling x4  
  49  4:33  Drone x2, Zergling x2  
  49  4:37  Extractor  
  51  4:44  Spire  
  52  4:45  Drone x2  
  52  4:46  Drone x2, Zergling x2  
  52  4:47  Zergling x2  
  55  4:59  Evolution Chamber  
  46  5:18  Drone x5  
  46  5:19  Roach x2, Zergling x4  
  46  5:20  Roach  
  59  5:26  Hatchery  
  59  5:28  Drone x2  
  60  5:37  Overlord x3  
  60  6:08  Overseer  
  60  6:14  Drone x4  
  60  6:15  Mutalisk, Drone  
  67  6:22  Burrow  
  67  6:24  Pneumatized Carapace  
  67  6:26  Overseer  
  67  7:02  Drone x3  
  67  7:03  Drone x6  
  67  7:04  Mutalisk x3, Drone  
  67  7:05  Zergling x4  
  67  7:06  Queen, Zergling x2  
  88  7:09  Queen  
  90  7:18  Overlord x3  
  90  7:19  Overlord  
  90  7:42  Queen  
  90  7:43  Mutalisk x2, Drone x3  
  99  7:52  Extractor  
  99  7:54  Extractor  
  99  7:58  Infestation Pit  
  96  8:00  Drone  
  96  8:01  Drone x3  
  96  8:02  Drone x2, Zergling x6  
  96  8:03  Zergling x4  
  107  8:09  Hatchery  
  84  8:42  Extractor  
  84  8:43  Extractor  
  75  8:52  Mutalisk x3  
  75  8:53  Drone  
  75  8:54  Drone x5  
  75  8:55  Overlord x2, Zergling x2  
  85  8:56  Zergling x8  
  90  9:45  Drone x3  
  92  9:46  Hatchery, Mutalisk, Drone, Zergling x6  
  92  9:47  Mutalisk x5, Zergling x2  
  109  9:58  Overseer  
  109  9:59  Overlord  
  107  10:00  Overlord x2, Mutalisk  
  107  10:01  Zergling x4  
  107  10:02  Zergling x24  
  123  10:07  Zergling x2  
  123  10:11  Queen  
  126  10:24  Mutalisk x3  
  126  10:27  Zergling x8  
  123  10:56  Queen  
  122  11:09  Mutalisk x2  
  122  11:10  Mutalisk x4  
  134  11:11  Zergling x2  
  134  11:12  Zergling x26  
  134  11:14  Overlord x3  
  134  11:16  Queen  
  143  11:28  Extractor  
  143  11:30  Extractor  
  137  11:38  Mutalisk x2  
  137  11:39  Mutalisk x3  
  139  11:40  Zergling x4  
  139  11:41  Zergling x18  
  138  11:47  Corruptor  
  138  11:53  Hive  
  121  12:35  Drone  
  121  12:36  Overlord, Drone x5  
  121  12:37  Overlord x5, Mutalisk, Drone  
  119  12:38  Mutalisk x3  
  119  12:39  Zergling x6  
  119  12:40  Zergling x2  
  119  12:44  Zerg Ground Armor Level 1  
  125  12:50  Corruptor x5  
  135  12:59  Spire  
  135  13:03  Zerg Flyer Weapons Level 1  
  126  13:26  Extractor  
  125  13:28  Extractor  
  124  13:35  Mutalisk x4  
  124  13:36  Mutalisk  
  124  13:37  Overlord  
  124  13:38  Overlord, Zergling x2  
  124  13:39  Zergling x18  
  124  13:40  Zergling x18  
  150  14:03  Mutalisk x4  
  150  14:04  Zergling x2  
  150  14:05  Zergling x28  
  167  14:54  Zergling x8  
  167  14:55  Zergling x24  
  167  14:56  Zergling x22  
  167  14:57  Zergling x4  
Show
View Real Time Build Order
Export as new Build Order

A.I. 1 (Hard) Zerg 

Build Orders: Pool First 

Get SALT Encoding   

  12  0:00  Drone  
  13  0:12  Overlord  
  13  0:17  Drone  
  14  0:30  Drone  
  14  0:32  Drone  
  16  0:43  Spawning Pool  
  16  0:45  Drone  
  16  0:49  Drone  
  17  0:52  Extractor  
  17  0:55  Drone  
  17  1:06  Overlord  
  17  1:29  Queen  
  17  1:31  Zergling x2  
  20  1:35  Roach Warren  
  20  1:37  Zergling x2  
  20  1:38  Drone  
  21  1:40  Extractor  
  20  1:49  Drone  
  21  1:59  Drone  
  22  2:17  Roach  
  24  2:23  Overlord  
  24  2:32  Roach  
  26  2:37  Roach  
  26  2:41  Drone  
  26  2:43  Roach  
  31  2:44  Overlord  
  31  2:55  Drone  
  32  3:06  Roach  
  34  3:15  Baneling Nest  
  34  3:16  Drone  
  34  3:26  Roach, Evolution Chamber, Drone  
  36  3:31  Overlord  
  36  3:32  Roach  
  38  3:39  Roach  
  40  3:50  Drone  
  40  3:55  Drone  
  42  3:56  Drone  
  42  3:58  Drone  
  42  4:01  Drone  
  45  4:12  Drone  
  46  4:46  Zergling x2  
  46  4:50  Overlord, Zerg Melee Weapons Level 1  
  46  4:51  Evolution Chamber  
  46  4:52  Drone  
  44  4:55  Burrow  
  43  5:17  Zerg Ground Armor Level 1  
  43  5:18  Hatchery  
  42  5:51  Spore Crawler, Drone  
  42  5:58  Spore Crawler  
  42  6:00  Drone  
  42  6:07  Lair  
  42  6:24  Spine Crawler  
  42  6:25  Drone  
  42  6:30  Queen, Drone  
  45  6:33  Drone  
  45  6:37  Extractor  
  45  6:38  Drone  
  46  6:43  Drone  
  46  6:44  Zerg Missile Weapons Level 1  
  46  6:46  Drone  
  48  6:50  Drone  
  48  6:52  Drone  
  48  6:54  Drone  
  51  6:56  Drone  
  51  6:59  Overlord, Drone  
  51  7:01  Drone  
  54  7:04  Drone  
  54  7:05  Drone  
  54  7:06  Drone  
  54  7:07  Hydralisk Den, Overseer x2  
  56  7:09  Infestation Pit  
  56  7:13  Drone  
  56  7:15  Drone  
  57  7:18  Drone  
  57  7:22  Drone  
  59  7:23  Drone  
  59  7:26  Overlord  
  59  7:28  Drone  
  61  7:31  Drone  
  61  7:36  Drone  
  63  7:37  Hydralisk, Drone  
  63  7:39  Drone  
  63  7:40  Drone  
  68  7:47  Hydralisk  
  68  7:49  Spine Crawler, Drone  
  68  7:51  Spore Crawler  
  69  7:53  Drone  
  69  7:54  Overlord  
  69  7:55  Hydralisk  
  72  8:00  Muscular Augments  
  72  8:03  Spore Crawler  
  72  8:04  Queen, Hydralisk  
  73  8:07  Roach  
  73  8:09  Hydralisk  
  71  8:13  Queen, Overlord, Hydralisk  
  70  8:20  Roach  
  70  8:21  Roach  
  70  8:22  Zergling x2  
  70  8:24  Spire  
  66  8:29  Spine Crawler  
  66  8:31  Roach  
  66  8:33  Spine Crawler  
  66  8:34  Drone  
  67  8:46  Hatchery  
  62  8:53  Ravager x2  
  62  8:54  Hive  
  64  9:20  Pneumatized Carapace  
  64  9:27  Extractor  
  64  9:30  Overseer  
  57  10:00  Drone  
  57  10:02  Drone  
  57  10:05  Drone  
  60  10:07  Drone  
  60  10:08  Extractor  
  60  10:10  Ultralisk Cavern  
  60  10:11  Overseer  
  60  10:13  Extractor, Drone  
  59  10:14  Queen  
  59  10:18  Overlord  
  58  10:21  Drone  
  58  10:22  Hydralisk  
  58  10:24  Drone  
  58  10:27  Drone  
  58  10:29  Drone x4  
  58  10:31  Drone x2  
  58  10:32  Hydralisk  
  59  10:37  Queen  
  59  10:38  Overlord  
  59  10:41  Overseer  
  59  10:42  Zergling x2  
  48  10:43  Drone  
  48  10:44  Hydralisk  
  48  10:47  Drone  
  46  10:51  Hydralisk, Drone  
  47  11:01  Ultralisk  
  53  11:10  Ultralisk  
  57  11:13  Overlord  
  52  11:19  Ultralisk  
  52  11:20  Overseer  
  52  11:22  Overlord  
  58  11:27  Overlord  
  58  11:31  Lair  
  56  11:39  Drone x2  
  54  11:40  Drone  
  54  11:41  Zergling x2  
  54  11:42  Overseer  
  54  11:43  Drone  
  54  11:45  Drone  
  55  11:49  Hydralisk  
  57  11:55  Overlord  
  57  11:58  Drone  
  57  11:59  Hydralisk, Drone  
  59  12:03  Drone  
  52  12:08  Hydralisk  
  52  12:14  Drone  
  54  12:18  Drone  
  54  12:19  Hatchery  
  54  12:21  Drone  
  49  12:27  Drone  
  49  12:33  Overlord  
  49  12:35  Drone  
  49  12:36  Ultralisk Cavern  
  45  12:39  Roach  
  47  12:45  Ultralisk  
  47  12:48  Drone  
  46  12:52  Ultralisk, Overlord  
  46  12:53  Drone  
  46  12:59  Drone  
  46  13:01  Hydralisk  
  46  13:03  Drone  
  38  13:05  Drone x4  
  38  13:10  Roach, Drone  
  41  13:13  Drone x5  
  41  13:15  Overlord  
  41  13:23  Roach, Ultralisk  
  41  13:26  Drone  
  47  13:28  Spire  
  43  13:36  Ultralisk  
  27  13:56  Drone  
  27  14:01  Drone  
  29  14:06  Drone  
  30  14:10  Drone  
  24  14:19  Hydralisk  
  25  14:25  Drone  
  24  14:39  Corruptor  
  24  14:49  Spire  
  7  15:07  Drone  
Tags
 
Matchup
ZvZ
Race
Zerg
Spawn Locations
Cross Positions
Add a new tag
Caveats
  • Supply blocks, unpowered buildings, or Contaminate may cause inaccurate times.
  • Supply counts are checked every 10 seconds.